SKY
LAS VEGAS KNIGHTS @ BOSTON RED SOX
07/09/2052
 
TOP OF THE 1ST
Las Vegas Knights batting - Pitching for Boston Red Sox : RHP Ángel Villanueva
Pitching: RHP Ángel Villanueva
Batting: RHB Dexter Hines 0-0: Ball
1-0: Ball
2-0: Ball
3-0: Called Strike
3-1: Called Strike
3-2: SINGLE (Line Drive, 4D, EV 99.4 MPH)
Batting: RHB Nick Sullivan 0-0: Foul Ball, location: 9LMF
0-1: Grounds into double play, U4-3 (Groundball, 6M, EV 89.4 MPH)
Batting: LHB Burton Van Skike 0-0: Ball
1-0: Ground out 4-3 (Groundball, 4, EV 78.1 MPH)
Top of the 1st over - 0 runs, 1 hit, 0 errors, 0 left on base; Las Vegas 0 - Boston 0
BOTTOM OF THE 1ST
Boston Red Sox batting - Pitching for Las Vegas Knights : LHP Charles Darlin
Pitching: LHP Charles Darlin
Batting: RHB William Spicer 0-0: Called Strike
0-1: Foul Ball, location: 23F
0-2: Ball
1-2: Strikes out swinging
Batting: SHB Ward Saylor 0-0: Ball
1-0: Called Strike
1-1: Ball
2-1: Ball
3-1: Called Strike
3-2: Ground out 6-3 (Groundball, 6, EV 87.5 MPH)
Batting: RHB Jalen Duke 0-0: Called Strike
0-1: Called Strike
0-2: Ball
1-2: Foul Ball, location: 2F
1-2: Ball
2-2: Strikes out swinging
Bottom of the 1st over - 0 runs, 0 hits, 0 errors, 0 left on base; Las Vegas 0 - Boston 0
TOP OF THE 2ND
Las Vegas Knights batting - Pitching for Boston Red Sox : RHP Ángel Villanueva
Batting: SHB Craig Boisselle 0-0: Called Strike
0-1: Foul Ball, location: 5SF
0-2: Ball
1-2: Ball
2-2: Foul Ball, location: 5F
2-2: Strikes out looking
Batting: RHB Jackson Dziedzic 0-0: Ball
1-0: Foul Ball, location: 5DF
1-1: Fly out, F7 (Flyball, 78M, EV 90.6 MPH)
Batting: RHB Sam Graham 0-0: Ball
1-0: Ball
2-0: Ball
3-0: Swinging Strike
3-1: Called Strike
3-2: Strikes out swinging
Top of the 2nd over - 0 runs, 0 hits, 0 errors, 0 left on base; Las Vegas 0 - Boston 0
BOTTOM OF THE 2ND
Boston Red Sox batting - Pitching for Las Vegas Knights : LHP Charles Darlin
Batting: RHB Liam Sena 0-0: Ball
1-0: Ground out 6-3 (Groundball, 56, EV 98.8 MPH)
Batting: RHB Alastair Cooledge 0-0: Fly out, F9 (Line Drive, 9S, EV 98.1 MPH)
Batting: RHB Pooh Whitney 0-0: Called Strike
0-1: Ball
1-1: Swinging Strike
1-2: Strikes out swinging
Bottom of the 2nd over - 0 runs, 0 hits, 0 errors, 0 left on base; Las Vegas 0 - Boston 0
TOP OF THE 3RD
Las Vegas Knights batting - Pitching for Boston Red Sox : RHP Ángel Villanueva
Batting: RHB Mário Zambrano 0-0: Called Strike
0-1: Ball
1-1: DOUBLE (Line Drive, 7LS, EV 94.4 MPH)
Batting: RHB Jamar Richardson 0-0: Swinging Strike
0-1: Foul Ball, location: 2F
0-2: Foul Ball, location: 2F
0-2: Ball
1-2: DOUBLE (Line Drive, 7D, EV 101.3 MPH)
Mário Zambrano scores
Batting: SHB David Aoki 0-0: Ball
1-0: Called Strike
1-1: Called Strike
1-2: Foul Ball, location: 3F
1-2: Foul Ball, location: 2F
1-2: Ball
2-2: Ground out 4-3 (Groundball, 4, EV 61.9 MPH)
Jamar Richardson to third
Batting: RHB Dexter Hines 0-0: Foul Ball, location: 9LSF
0-1: Ball
1-1: Foul Ball, location: 3F
1-2: Fly out, F9 (Flyball, 89M, EV 97.5 MPH)
Runner from 3rd tags up, OUT at HOME! 9-2
Top of the 3rd over - 1 run, 2 hits, 0 errors, 0 left on base; Las Vegas 1 - Boston 0
BOTTOM OF THE 3RD
Boston Red Sox batting - Pitching for Las Vegas Knights : LHP Charles Darlin
Batting: LHB Jaxson Eisley 0-0: Called Strike
0-1: Swinging Strike
0-2: Hit by Pitch
Batting: RHB Brooks Tucker 0-0: Foul Ball, location: 9LSF
0-1: SINGLE (Line Drive, 5D, EV 94.4 MPH)
Jaxson Eisley to second
Batting: LHB Chase Veliz 0-0: Swinging Strike
0-1: Called Strike
0-2: Ball
1-2: Fielders Choice at 2nd, 6-4 (Groundball, 6MS, EV 83.8 MPH)
Jaxson Eisley to third
Batting: RHB William Spicer 0-0: Ball
1-0: Ball
2-0: Called Strike
2-1: Called Strike
2-2: Strikes out swinging
Batting: SHB Ward Saylor 0-0: Called Strike
0-1: DOUBLE (Line Drive, 7LS, EV 110.6 MPH)
Jaxson Eisley scores
Chase Veliz to third
Runner from 3rd tries for Home, SAFE, no throw by LF
Batting: RHB Jalen Duke 0-0: Called Strike
0-1: Swinging Strike
0-2: SINGLE (Line Drive, 78M, EV 87.5 MPH)
Ward Saylor to third
Runner from 3rd tries for Home, SAFE, throw by CF to home
Batting: RHB Liam Sena 0-0: Ball
1-0: Foul Ball, location: 3F
1-1: Fielders Choice at 2nd, 5-4 (Groundball, 5, EV 80.6 MPH)
Bottom of the 3rd over - 3 runs, 3 hits, 0 errors, 1 left on base; Las Vegas 1 - Boston 3
TOP OF THE 4TH
Las Vegas Knights batting - Pitching for Boston Red Sox : RHP Ángel Villanueva
Batting: RHB Nick Sullivan 0-0: Fly out, F9 (Flyball, 89D, EV 100.0 MPH)
Batting: LHB Burton Van Skike 0-0: Ball
1-0: Ball
2-0: Ground out 4-3 (Groundball, 4M, EV 78.8 MPH)
Batting: SHB Craig Boisselle 0-0: Ball
1-0: Ball
2-0: Hit by Pitch
Batting: RHB Jackson Dziedzic 0-0: Ball
Craig Boisselle steals 2nd base
1-0: Foul Ball, location: 25F
1-1: SINGLE (Line Drive, 78S, EV 106.9 MPH)
Craig Boisselle to third
Batting: RHB Sam Graham 0-0: Ball
1-0: Ball
2-0: Foul Ball, location: 9LDF
2-1: Fly out, F7 (Flyball, 7S, EV 82.5 MPH)
Top of the 4th over - 0 runs, 1 hit, 0 errors, 2 left on base; Las Vegas 1 - Boston 3
BOTTOM OF THE 4TH
Boston Red Sox batting - Pitching for Las Vegas Knights : LHP Charles Darlin
Batting: RHB Alastair Cooledge 0-0: Called Strike
0-1: DOUBLE (Flyball, 78XD, EV 107.5 MPH)
Batting: RHB Pooh Whitney 0-0: Foul Ball, location: 2F
0-1: Ball
1-1: Called Strike
1-2: SINGLE (Groundball, 6MS, EV 71.9 MPH) (infield hit)
Alastair Cooledge to third
Batting: LHB Jaxson Eisley 0-0: Ball
Pooh Whitney steals 2nd base
1-0: Foul Ball, location: 2F
1-1: Called Strike
1-2: SINGLE (Groundball, 4D, EV 101.9 MPH)
Alastair Cooledge scores
Pooh Whitney to third
Runner from 3rd tries for Home, SAFE, throw by CF to home
Pitching: RHP A.J. Bizjak
Batting: RHB Brooks Tucker 0-0: Ball
Wild Pitch!
Jaxson Eisley to second
1-0: Ball
2-0: Ball
3-0: Called Strike
3-1: Called Strike
3-2: Ground out 3-1 (Groundball, 34, EV 81.3 MPH)
Jaxson Eisley to third
Batting: LHB Chase Veliz 0-0: Ball
1-0: Ball
2-0: Ball
3-0: Called Strike
3-1: Fly out, F9 (Line Drive, 9S, EV 95.0 MPH)
Batting: RHB William Spicer 0-0: Called Strike
0-1: Ball
1-1: Ball
2-1: Foul Ball, location: 5F
2-2: Foul Ball, location: 9LMF
2-2: Ball
Wild Pitch!
Jaxson Eisley scores
3-2: Ground out 5-3 (Groundball, 56, EV 85.0 MPH)
Bottom of the 4th over - 3 runs, 3 hits, 0 errors, 0 left on base; Las Vegas 1 - Boston 6
TOP OF THE 5TH
Las Vegas Knights batting - Pitching for Boston Red Sox : RHP Ángel Villanueva
Batting: RHB Mário Zambrano 0-0: Foul Ball, location: 2F
0-1: Ground out U3 (Groundball, 23, EV 84.4 MPH)
Batting: RHB Jamar Richardson 0-0: Ball
1-0: Called Strike
1-1: Called Strike
1-2: Strikes out swinging
Batting: SHB David Aoki 0-0: Ball
1-0: Called Strike
1-1: Foul Ball, location: 2F
1-2: Ball
2-2: Strikes out swinging
Top of the 5th over - 0 runs, 0 hits, 0 errors, 0 left on base; Las Vegas 1 - Boston 6
BOTTOM OF THE 5TH
Boston Red Sox batting - Pitching for Las Vegas Knights : RHP A.J. Bizjak
Batting: SHB Ward Saylor 0-0: Ball
1-0: Called Strike
1-1: Foul Ball, location: 2F
1-2: Strikes out swinging
Batting: RHB Jalen Duke 0-0: Ball
1-0: Swinging Strike
1-1: Swinging Strike
1-2: Ball
2-2: Ball
3-2: Strikes out swinging
Batting: RHB Liam Sena 0-0: Called Strike
0-1: Foul Ball, location: 9LDF
0-2: Ball
1-2: Ball
2-2: Ball
3-2: Base on Balls
Batting: RHB Alastair Cooledge 0-0: Foul Ball, location: 3FF
0-1: Ball
1-1: SINGLE (Groundball, 34D, EV 104.4 MPH)
Liam Sena to second
Runner from 2nd tries for 3rd, SAFE, throw by RF made to third
Batting: RHB Pooh Whitney 0-0: Called Strike
0-1: Swinging Strike
0-2: Strikes out swinging
Bottom of the 5th over - 0 runs, 1 hit, 0 errors, 2 left on base; Las Vegas 1 - Boston 6
TOP OF THE 6TH
Las Vegas Knights batting - Pitching for Boston Red Sox : RHP Ángel Villanueva
Batting: RHB Dexter Hines 0-0: Called Strike
0-1: Fly out, F9 (Line Drive, 9D, EV 90.6 MPH)
Batting: RHB Nick Sullivan 0-0: Ball
1-0: Ball
2-0: Ball
3-0: Called Strike
3-1: Fly out, F9 (Flyball, 9, EV 88.8 MPH)
Batting: LHB Burton Van Skike 0-0: Ball
1-0: Foul Ball, location: 3FF
1-1: Foul Ball, location: 5FF
1-2: Fly out, F5 (Popup, 56S, EV 70.0 MPH)
Top of the 6th over - 0 runs, 0 hits, 0 errors, 0 left on base; Las Vegas 1 - Boston 6
BOTTOM OF THE 6TH
Boston Red Sox batting - Pitching for Las Vegas Knights : RHP A.J. Bizjak
Batting: LHB Jaxson Eisley 0-0: Ball
1-0: Called Strike
1-1: SOLO HOME RUN (Flyball, 89XD, EV 108.8 MPH), Distance : 445 ft
Batting: RHB Brooks Tucker 0-0: Ball
1-0: Ground out 6-3 (Groundball, 6, EV 80.6 MPH)
Batting: LHB Chase Veliz 0-0: Ball
1-0: Ball
2-0: Called Strike
2-1: Foul Ball, location: 23F
2-2: Ball
3-2: Strikes out swinging
Batting: RHB William Spicer 0-0: Ball
1-0: Ball
2-0: Ball
3-0: Base on Balls
Batting: SHB Ward Saylor 0-0: Ball
1-0: Ball
William Spicer steals 2nd base
2-0: Foul Ball, location: 2F
2-1: Ground out 4-3 (Groundball, 4, EV 101.9 MPH)
Bottom of the 6th over - 1 run, 1 hit, 0 errors, 1 left on base; Las Vegas 1 - Boston 7
TOP OF THE 7TH
Las Vegas Knights batting - Pitching for Boston Red Sox : RHP Ángel Villanueva
Batting: SHB Craig Boisselle 0-0: Ball
1-0: Foul Ball, location: 2F
1-1: Foul Ball, location: 2F
1-2: Ball
2-2: Strikes out swinging
Batting: RHB Jackson Dziedzic 0-0: Called Strike
0-1: Ball
1-1: Foul Ball, location: 3F
1-2: Fly out, F7 (Flyball, 78S, EV 84.4 MPH)
Batting: RHB Sam Graham 0-0: Fly out, F8 (Line Drive, 78M, EV 99.4 MPH)
Top of the 7th over - 0 runs, 0 hits, 0 errors, 0 left on base; Las Vegas 1 - Boston 7
BOTTOM OF THE 7TH
Boston Red Sox batting - Pitching for Las Vegas Knights : RHP A.J. Bizjak
Batting: RHB Jalen Duke 0-0: Ball
1-0: Foul Ball, location: 2LF
1-1: Called Strike
1-2: Strikes out swinging
Batting: RHB Liam Sena 0-0: Called Strike
0-1: Called Strike
0-2: Ball
1-2: Foul Ball, location: 9LDF
1-2: Ball
2-2: Ball
3-2: Strikes out swinging
Batting: RHB Alastair Cooledge 0-0: Foul Ball, location: 9LDF
0-1: Called Strike
0-2: Ball
1-2: Fly out, F8 (Flyball, 8LD, EV 106.9 MPH)
Bottom of the 7th over - 0 runs, 0 hits, 0 errors, 0 left on base; Las Vegas 1 - Boston 7
TOP OF THE 8TH
Las Vegas Knights batting - Pitching for Boston Red Sox : RHP Ángel Villanueva
Batting: RHB Mário Zambrano 0-0: Ball
1-0: Foul Ball, location: 2F
1-1: Ball
2-1: Foul Ball, location: 5FF
2-2: DOUBLE (Line Drive, 3D, EV 101.3 MPH)
Pitching: LHP Quillan Warner
Batting: RHB Jamar Richardson 0-0: Called Strike
0-1: Swinging Strike
0-2: Ball
1-2: Strikes out swinging
Batting: SHB David Aoki 0-0: Called Strike
0-1: Called Strike
0-2: Foul Ball, location: 2F
0-2: Ball
1-2: Strikes out swinging
Batting: RHB Dexter Hines 0-0: Ball
1-0: Ball
2-0: Ground out 5-3 (Groundball, 5, EV 88.8 MPH)
Top of the 8th over - 0 runs, 1 hit, 0 errors, 1 left on base; Las Vegas 1 - Boston 7
BOTTOM OF THE 8TH
Boston Red Sox batting - Pitching for Las Vegas Knights : RHP A.J. Bizjak
Pitching: LHP Elijah Leisch
Batting: RHB Pooh Whitney 0-0: SINGLE (Groundball, 6MS, EV 63.8 MPH) (infield hit)
Batting: LHB Jaxson Eisley 0-0: Called Strike
0-1: Ball
1-1: Foul Ball, location: 7LSFF
1-2: Reached via error on a dropped throw from 2B, E3 (Groundball, 4S, EV 65.0 MPH)
Pooh Whitney to second
Batting: RHB Brooks Tucker 0-0: Called Strike
0-1: Ball
1-1: Foul Ball, location: 5FF
1-2: Foul Ball, location: 2F
1-2: SINGLE (Groundball, 4MD, EV 108.1 MPH)
Pooh Whitney to third
Jaxson Eisley to second
Batting: LHB Chase Veliz 0-0: Ball
1-0: Ball
2-0: Foul Ball, location: 3F
2-1: Grounds into fielders choice 5-2 (Groundball, 56S, EV 69.4 MPH)
Jaxson Eisley to third
Brooks Tucker to second
Batting: RHB William Spicer 0-0: Ball
1-0: Fly out, F7 (Flyball, 7LM, EV 103.8 MPH)
Runner from 3rd tags up, SCORES, throw by LF
Batting: SHB Ward Saylor 0-0: Ball
1-0: Called Strike
1-1: Foul Ball, location: 3FF
1-2: Foul Ball, location: 23F
1-2: SINGLE (Line Drive, 6MD, EV 103.1 MPH)
Brooks Tucker to third
Chase Veliz to second
Runner from 3rd tries for Home, SAFE, throw by CF to home
Batting: RHB Jalen Duke 0-0: Ball
1-0: SINGLE (Groundball, 34D, EV 95.0 MPH)
Chase Veliz to third
Ward Saylor to second
Runner from 3rd tries for Home, SAFE, throw by RF to home
Batting: RHB Liam Sena 0-0: Called Strike
0-1: Ground out 5-3 (Groundball, 56S, EV 68.1 MPH)
Bottom of the 8th over - 3 runs, 4 hits, 1 error, 2 left on base; Las Vegas 1 - Boston 10
TOP OF THE 9TH
Las Vegas Knights batting - Pitching for Boston Red Sox : LHP Quillan Warner
Pinch Hitting: LHB Luís Mateo 0-0: Ball
1-0: SINGLE (Line Drive, 4MD, EV 95.6 MPH)
Batting: LHB Burton Van Skike 0-0: Ball
1-0: Swinging Strike
1-1: Ball
2-1: Called Strike
2-2: Strikes out looking
Batting: SHB Craig Boisselle 0-0: Called Strike
0-1: Foul Ball, location: 3FF
0-2: Strikes out looking
Batting: RHB Jackson Dziedzic 0-0: Called Strike
0-1: Ball
1-1: Swinging Strike
1-2: Strikes out swinging
Top of the 9th over - 0 runs, 1 hit, 0 errors, 1 left on base; Las Vegas 1 - Boston 10
Sunday, April 28th , 2024 - OOTP Baseball 24.11 Build 85